 Dungeon Crawl Stone Soup version 0.21-a0-582-g1b93aee (webtiles) character file.

331 kae the Insei (level 6, -4/50 HPs)
             Began as a Draconian Transmuter on Dec 19, 2017.
             Was an Initiate of Wu Jian.
             Slain by Edmund
             ... wielding a +0 dire flail of holy wrath
              (9 damage)
             ... on level 5 of the Dungeon.
             The game lasted 00:03:58 (3557 turns).

kae the Insei (Draconian Transmuter)                Turns: 3557, Time: 00:03:58

Health: -4/50      AC:  6    Str: 12    XL:     6   Next: 26%
Magic:  7/10       EV: 13    Int: 13    God:    Wu Jian [......]
Gold:   164        SH:  0    Dex: 14    Spells: 5/11 levels left

rFire    + . .     SeeInvis +   i - +2 whip (flame)
rCold    + . .     Gourm    .   (no shield)
rNeg     . . .     Faith    .   (armour unavailable)
rPois    +         Spirit   .   (helmet restricted)
rElec    +         Reflect  .   (no cloak)
rCorr    +         Harm     .   (no gloves)
MR       .....                  (boots currently unavailable)
Stlth    +.........             (no amulet)
HPRegen  0.16/turn              j - ring of see invisible
MPRegen  0.12/turn              (no ring)

@: appendage, resistant, flying, very slightly contaminated
A: unfitting armour, talons 3, cold-blooded, AC +6
a: End Transformation, Renounce Religion


You were on level 5 of the Dungeon.
You worshipped Wu Jian.
Wu Jian was noncommittal.
You were very hungry.
You had grown temporary talons.
You visited 2 branches of the dungeon, and saw 6 of its levels.

You collected 164 gold pieces.

Inventory:

Hand Weapons
 d - a +0 club
 i - a +2 whip of flaming (weapon)
Missiles
 a - 82 arrows
 e - 57 stones (quivered)
Jewellery
 j - a ring of see invisible (left hand)
 o - an uncursed ring of ice {unknown}
Wands
 k - a wand of iceblast (6)
Scrolls
 f - 7 scrolls of identify
 g - a scroll of enchant weapon
 h - a scroll of fear {unknown}
 l - 2 scrolls of magic mapping
Books
 b - a book of Changes

   Spells                             Type                      Level
   a - Beastly Appendage              Transmutation                1
   b - Sticks to Snakes               Transmutation                2
   c - Spider Form                    Transmutation/Poison         3
   d - Ice Form                       Ice/Transmutation            4
   e - Blade Hands                    Transmutation                5
Comestibles
 c - 5 rations


   Skills:
 + Level 2.9 Fighting
 + Level 2.9 Dodging
 * Level 4.7 Unarmed Combat
 + Level 3.0 Spellcasting
 + Level 3.2 Transmutations


You had 5 spell levels left.
You knew the following spells:

 Your Spells              Type           Power        Failure   Level  Hunger
a - Beastly Appendage     Tmut           ##....       6%          1    #......
b - Sticks to Snakes      Tmut           ##......     9%          2    ###....
c - Spider Form           Tmut/Pois      #.........   34%         3    ###....


Dungeon Overview and Level Annotations

Branches:
Dungeon (5/15)             Temple (1/1) D:4

Altars:
Ashenzari
Cheibriados
Dithmenos
Elyvilon
Fedhas
Gozag
Hepliaklqana
Kikubaaqudgha
Makhleb
Nemelex Xobeh
Qazlal
Ru
Sif Muna
Trog
Uskayaw
Wu Jian
Xom
Yredelemnul
Zin
The Shining One

Annotations:
D:5 Edmund


Innate Abilities, Weirdness & Mutations

Your plain brown scales are hard. (AC +6)
You cannot fit into any form of body armour.
You are cold-blooded and may be slowed by cold attacks.
You have claws for feet.


Message History

You miscast Spider Form.
You are very lightly contaminated with residual magic.
Nothing appears to happen.
You are feeling very hungry.
Edmund hits you with a dire flail of holy wrath!
* * * LOW HITPOINT WARNING * * *
You closely miss Edmund. You claw Edmund.
Edmund is severely wounded.
Edmund says, "A flail is better than a scythe, any day of the week!"
Edmund hits you with a dire flail of holy wrath!
* * * LOW HITPOINT WARNING * * *
Okay, then.
It was a potion of resistance.
You feel protected. Edmund barely misses you.
It was a potion of flight.
You feel very buoyant.
You fly up into the air.
Edmund hits you with a dire flail of holy wrath!
You die...

.#.#. . ..... ##. ...#
...# #..# .#... ...
.....##.#
.#.#....#################
...........@@........[..#
.........##############.#
.#...##..# #.# ...#..##.#
#.# .........#########
#.# ................>#
#.# .......<......#.# #.#
#.#.#.#.##.##.#.# #.#
#.......#.#.######.#


You could see Edmund (invisible).

Vanquished Creatures
  An ogre (D:4)
  A centaur zombie (D:5)
  A hound (D:4)
  An orc wizard (D:2)
  A worker ant (D:4)
  5 adders
  An ooze (D:4)
  2 adder skeletons
  2 dart slugs
  2 worms
  A leopard gecko (D:1)
  9 orcs
  3 bats
  8 hobgoblins
  4 jackals (D:3)
  6 kobolds
  2 quokkas
  3 ball pythons
  2 frilled lizards
  5 goblins
  3 rats
63 creatures vanquished.

Notes
Turn   | Place    | Note
-------+----------+-------------------------------------------
     0 | D:1      | kae the Draconian Transmuter began the quest for the Orb.
     0 | D:1      | Reached XP level 1. HP: 16/16 MP: 3/3
   147 | D:1      | Reached XP level 2. HP: 9/23 MP: 3/5
   983 | D:2      | Found a shadowy altar of Dithmenos.
  1022 | D:2      | Reached XP level 3. HP: 25/28 MP: 6/6
  1091 | D:2      | Found a stormy altar of Qazlal.
  1507 | D:2      | Reached XP level 4. HP: 26/36 MP: 7/7
  2297 | D:3      | Found a glowing golden altar of the Shining One.
  2335 | D:3      | Reached skill level 4 in Unarmed Combat
  2560 | D:3      | Reached XP level 5. HP: 29/41 MP: 8/8
  2691 | D:3      | Found a deep blue altar of Sif Muna.
  2794 | D:4      | Learned a level 2 spell: Sticks to Snakes
  2798 | D:4      | Learned a level 3 spell: Spider Form
  3055 | D:4      | Noticed an ogre
  3063 | D:4      | Killed an ogre
  3188 | D:4      | Reached XP level 6. HP: 43/50 MP: 10/10
  3352 | D:4      | Found a staircase to the Ecumenical Temple.
  3399 | Temple   | Entered the Ecumenical Temple
  3407 | Temple   | Became a worshipper of the Wu Jian Council
  3477 | D:5      | Entered Level 5 of the Dungeon
  3531 | D:5      | Noticed Edmund
  3557 | D:5      | Slain by Edmund

Vault maps used:
D:1:      dpeg_arrival_round_a, minmay_tromino_i2
D:2:      nicolae_dithmenos_shadow_blocks, nicolae_qazlal_general_emergency
D:3:      nicolae_overflow_crystal_walls, first_ration, led_sif_pool
D:4:      lemuel_temple_firewalk_b, corner_web_ring
D:5:      hangedman_decor_points, lemuel_angel_altar, uniq_pikel, uniq_edmund
Temple:   nicolae_temple_no_exploring_needed

Skill      XL: |  1  2  3  4  5  6 |
---------------+-------------------+-----
Dodging        | 2 |  2.9
Fighting       | 2 |  2.9
Unarmed Combat | 4 |  4.7
Transmutations | 3 |  3.2
Spellcasting   | 3 |  3.0

Action                   |  1- 3 |  4- 6 || total
-------------------------+-------+-------++-------
Melee: Club              |    81 |       ||    81
       Tailslap          |    10 |    14 ||    24
       Unarmed           |     1 |       ||     1
       Headbutt          |     3 |       ||     3
       Whip              |    25 |   141 ||   166
       Kick              |       |     6 ||     6
       Punch             |       |     2 ||     2
Throw: Stone             |     1 |     6 ||     7
 Cast: Beastly Appendage |    11 |     3 ||    14
Invok: Lunge             |       |     1 ||     1
  Use: Scroll            |     4 |     2 ||     6
       Potion            |       |     2 ||     2
 Stab: Sleeping          |     1 |     1 ||     2
  Eat: Chunk             |     2 |     6 ||     8
Armor: Skin              |    40 |    35 ||    75
Dodge: Dodged            |    84 |    95 ||   179

Table legend:
 A = Spawn XP
 B = Non-spawn XP
 C = Spawn XP percentage of total XP
 D = Spawn monster count
 E = Non-spawn monster count
 F = Spawn count percentage of total count
 G = Total turns spent on level
                    A         B        C        D         E        F      G
               +---------+---------+-------+---------+---------+-------+---------
         Total |       0 |     473 |   0.0 |       0 |      63 |   0.0 |  3557
               +---------+---------+-------+---------+---------+-------+---------
           D:1 |       0 |      25 |   0.0 |       0 |      13 |   0.0 |   908
           D:2 |       0 |      78 |   0.0 |       0 |      17 |   0.0 |   757
           D:3 |       0 |      95 |   0.0 |       0 |      22 |   0.0 |  1124
           D:4 |       0 |     218 |   0.0 |       0 |       7 |   0.0 |   672
           D:5 |       0 |      57 |   0.0 |       0 |       4 |   0.0 |    80
               +---------+---------+-------+---------+---------+-------+---------
